 Dungeon Crawl Stone Soup version 0.30-b1-2-g02819fbbbe (webtiles) character file.

Game seed: 3467339895799064530

12085 redmage the Thaumaturge (level 12, -24/73 (81) HPs)
             Began as a Meteoran Earth Elementalist on Aug 29, 2023.
             Was a Priest of Sif Muna.
             Annihilated by a pharaoh ant (36 damage)
             ... on level 2 of the Lair of Beasts.
             The game lasted 01:11:25 (2903 turns).

redmage the Thaumaturge (MeEE)                      Turns: 2903, Time: 01:11:26

HP:   -24/73 (81)   AC:  8    Str: 10    XL:     12   Next: 44%
MP:   22/29         EV: 12    Int: 29    God:    Sif Muna [***...]
Gold: 254           SH:  0    Dex: 14    Spells: 13/35 levels left

rFire   . . .        u - +2 short sword (drain)
rCold   . . .        p - orb {*channel}
rNeg    . . .        h - +1 troll leather armour {Pargi}
rPois   .            t - +2 hat
rElec   .            (no cloak)
rCorr   .            (no gloves)
SInv    .            g - +0 pair of boots
Will    +....        c - amulet of magic regeneration
Stlth   +            E - +6 ring of intelligence
HPRegen 1.12/turn    q - ring of wizardry
MPRegen 0.61/turn

%: wizardry (x1), channel magic (20%)
@: glowing, drained
A: sense surroundings 2, otherworldly, glowing, explore regen
a: Renounce Religion, Channel Magic, Forget Spell


You were on level 2 of the Lair of Beasts.
You worshipped Sif Muna.
Sif Muna was most pleased with you.
You visited 3 branches of the dungeon, and saw 13 of its levels.
You also visited: Sewer.

You collected 644 gold pieces.
You spent 390 gold pieces at shops.

Inventory:

Hand Weapons
 u - a +2 short sword of draining (weapon)
Missiles
 A - 2 silver boomerangs
Armour
 f - the +0 leather armour "Ytyghis" {Dex+3 SInv}
   (You found it on level 2 of the Dungeon)

   Dex:       It affects your dexterity (+3).
   SInv:      It lets you see invisible.
 g - a +0 pair of boots (worn)
 h - a +1 troll leather armour (worn) {Pargi}
 n - the +0 ring mail of Beogh's Vengeance {rPois rF+ rN+ Int+3}
   (You found it on level 2 of the Lair of Beasts)

   Int:       It affects your intelligence (+3).
   rF:        It protects you from fire.
   rPois:     It protects you from poison.
   rN:        It protects you from negative energy.
 p - an orb of energy (worn)
 t - a +2 hat (worn)
 B - a +3 leather armour of cold resistance
Jewellery
 c - an amulet of magic regeneration (around neck)
 d - a ring of flight
 q - a ring of wizardry (right hand)
 r - an amulet of the acrobat
 s - a ring of resist corrosion
 E - a +6 ring of intelligence (left hand)
Wands
 j - a wand of flame (26) (quivered)
 z - a wand of mindburst (16)
 D - a wand of acid (14)
Scrolls
 m - a scroll of amnesia
 x - 2 scrolls of vulnerability
 y - 2 scrolls of teleportation
Potions
 a - 2 potions of ambrosia
 b - a potion of magic
 e - 2 potions of mutation {unknown}
 i - a potion of berserk rage
 k - a potion of brilliance
 l - 3 potions of might {unknown}
 o - a potion of cancellation {unknown}
 v - 3 potions of curing {unknown}
 w - a potion of flight {unknown}
 C - a potion of lignification {unknown}


   Skills:
 - Level 2.4 Dodging
 - Level 1.4 Stealth
 - Level 12.0 Spellcasting
 - Level 5.0 Conjurations
 * Level 9.1 Summonings
 * Level 6.9 Translocations
 - Level 1.2 Transmutations
 - Level 6.0 Air Magic
 - Level 11.6 Earth Magic
 - Level 6.9 Invocations


You had 13 spell levels left.
You knew the following spells:

 Your Spells              Type           Power      Damage    Failure   Level
a - Sandblast             Erth           100%       2d20      1%          1
b - Passwall              Tmut/Erth      44%        N/A       1%          2
c - Stone Arrow           Conj/Erth      100%       3d13      1%          3
d - Summon Cactus Giant   Summ           31%        N/A       14%         6
e - Summon Lightning Spi  Summ/Air       57%        N/A       3%          4
f - Blink                 Tloc           100%       N/A       1%          2
z - Passage of Golubria   Tloc           55%        N/A       3%          4

Your spell library contained the following spells:

 Spells                   Type           Power      Damage    Failure   Level
 Lesser Beckoning         Tloc           100%       N/A       1%          2
 Momentum Strike          Conj/Tloc      100%       3d10      1%          2
 Static Discharge         Conj/Air       98%        2-7/arc   1%          2
 Gell's Gravitas          Tloc           55%        N/A       1%          3
 Teleport Other           Tloc           55%        N/A       1%          3
 Airstrike                Air            25%        2d(4-20)  4%          4
 Petrify                  Tmut/Erth      53%        N/A       4%          4
 Scorch                   Fire           34%        2d6       7%          2
 Tukima's Dance           Hex            17%        N/A       12%         3
 Flame Wave               Conj/Fire      31%        2d9       13%         4
 Yara's Violent Unravell  Hex/Tmut       10%        3d6       50%         5


Dungeon Overview and Level Annotations

Branches:
Dungeon (10/15) Zot: 3719  Temple (1/1) D:5 Zot: 579    Lair (2/5) D:8 Zot: 563
  Sewer (visited)
  Swamp: Lair:2-3    Shoals: Lair:2-3     Snake: Lair:2-3    Spider: Lair:2-3
    Orc: D:9-12

Altars:
Cheibriados
Fedhas
Gozag
Okawaru
Sif Muna
Wu Jian
Xom

Shops:
D:1 =   D:3 !   D:4 ![:   D:8 :

Annotations:
D:7 Dowan, Duvessa
D:9 Erica


Innate Abilities, Weirdness & Mutations

You passively map the area around you.
You are easily found by Zot.
You glow in the dark.
You regain HP and MP as you explore.


Message History

Press: ? - help, v - describe, . - travel
Here: a pharaoh ant The floor.
Casting: Stone Arrow (safe; 1% risk of failure)
Confirm with . or Enter, or press ? or * to list all spells.
Aiming: Stone Arrow (safe; 1% risk of failure)
Press: ? - help, Shift-Dir - straight line, f - pharaoh ant
Aim: a pharaoh ant (84% to hit)
The stone arrow hits the pharaoh ant!!
The pharaoh ant is heavily damaged.
Magical energy flows into your mind!
Casting: Stone Arrow (safe; 1% risk of failure)
Confirm with . or Enter, or press ? or * to list all spells.
Aiming: Stone Arrow (safe; 1% risk of failure)
Press: ? - help, Shift-Dir - straight line, f/p - pharaoh ant
Aim: a pharaoh ant (heavily damaged, 84% to hit)
The stone arrow hits the pharaoh ant.
The pharaoh ant is heavily damaged.
The pharaoh ant bites you! x2; You feel drained.
Unknown command.
Casting: Stone Arrow (safe; 1% risk of failure)
Confirm with . or Enter, or press ? or * to list all spells.
Aiming: Stone Arrow (safe; 1% risk of failure)
Press: ? - help, Shift-Dir - straight line, f/p - pharaoh ant
Aim: a pharaoh ant (heavily damaged, 84% to hit)
The stone arrow misses the pharaoh ant.
The pharaoh ant closely misses you.
Unknown command.
Casting: Stone Arrow (safe; 1% risk of failure)
Confirm with . or Enter, or press ? or * to list all spells.
Aiming: Stone Arrow (safe; 1% risk of failure)
Press: ? - help, Shift-Dir - straight line, f/p - pharaoh ant
Aim: a pharaoh ant (heavily damaged, 84% to hit)
The stone arrow hits the pharaoh ant!
The pharaoh ant is severely damaged.
The pharaoh ant bites you!!
* * * LOW HITPOINT WARNING * * *
You feel drained.
* * * LOW HITPOINT WARNING * * *
The pharaoh ant bites you!!!
You die...

, , .##.....#,....# , ,* ,,,,
..#.....# ....# # , , **
........# ....#.. , ,** ,, .
.......##..^.... , , , , ,[.
###......P....# *, , ,
...#........P....##* * , ....
.......##.........#* . ....,
..#..B...........#,
(.,##..,....##.@............,,,
...#...#.................... ,
,, ......##......†........... ,
, ,#...#†...................
,...###........####+.#......#
**,
,#..#..........^###.##....##. *
.#.........................#
.#...##...................###,.
*
.....#........#...........#.#..


You could see a pharaoh ant.

Vanquished Creatures
  A hydra (Lair:2)
  A manticore (D:9)
  Joseph (D:9)
  2 cane toads
  2 rime drakes
  2 komodo dragons (Lair:1)
  A polar bear (Lair:2)
  A nameless horror (Lair:2)
  2 blink frogs (Lair:2)
  A tarantella (Lair:2)
  14 yaks
  A wyvern (D:9)
  A basilisk (Lair:1)
  A redback (Lair:2)
  5 water moccasins
  Pargi (Sewer)
  2 sky beasts
  4 orc warriors
  An ice beast (D:8)
  4 black bears
  4 wolves (Lair:1)
  2 centaurs (D:8)
  A phantom (D:4)
  7 bullfrogs
  A gnoll sergeant (D:6)
  A scorpion (D:5)
  3 killer bees (D:9)
  A howler monkey (D:5)
  3 hounds
  3 jellies
  4 orc priests
  A gnoll bouda (D:4)
  A sleepcap (D:5)
  Ijyb (D:5)
  7 orc wizards
  2 iguanas
  4 hell rats (Lair:2)
  12 gnolls
  9 adders
  3 river rats (Lair:2)
  2 white imps
  An ufetubus (D:5)
  2 worms
  A dart slug (D:5)
  34 orcs
  4 ball pythons
  7 bats
  4 endoplasms
  2 giant cockroaches
  3 goblins
  6 hobgoblins
  4 jackals (D:4)
  3 kobolds
  2 quokkas
  13 frilled lizards
  6 rats
212 creatures vanquished.

Vanquished Creatures (collateral kills)
  A komodo dragon (Lair:2)
  3 blink frogs (Lair:2)
  6 yaks (Lair:1)
  A wolf (Lair:1)
  5 hell rats (Lair:2)
  13 river rats (Lair:2)
  4 quokkas (Lair:2)
  7 rats (Lair:2)
40 creatures vanquished.

Vanquished Creatures (others)
  50 fungi
  35 plants
85 creatures vanquished.

Grand Total: 337 creatures vanquished

Notes
Turn   | Place    | Note
-------+----------+-------------------------------------------
     0 | D:1      | redmage the Meteoran Earth Elementalist began the quest for
                  | the Orb.
     0 | D:1      | Reached XP level 1. HP: 14/14 MP: 5/5
    37 | D:1      | Found Riezuej's One-of-a-Kind Rings.
    70 | D:1      | Reached skill level 3 in Spellcasting
    70 | D:1      | Reached XP level 2. HP: 20/20 MP: 2/7
   207 | D:2      | Learned a level 2 spell: Passwall
   228 | D:2      | Reached XP level 3. HP: 26/26 MP: 6/8
   267 | D:2      | Identified the +0 leather armour "Ytyghis" {Dex+3 SInv}
   283 | D:2      | Learned a level 3 spell: Stone Arrow
   328 | D:2      | Reached skill level 1 in Conjurations
   352 | D:3      | Found Juvvuofa's Distillery.
   361 | D:3      | Found an ornate altar of the Wu Jian Council.
   375 | D:3      | Reached XP level 4. HP: 33/33 MP: 8/10
   429 | D:4      | Found Gothrodo's Distillery.
   429 | D:4      | Found Mopiz's Armour Emporium.
   429 | D:4      | Found Lunu's Book Emporium.
   468 | D:3      | Reached skill level 4 in Spellcasting
   468 | D:3      | Reached XP level 5. HP: 33/38 MP: 5/12
   498 | D:3      | Found a glowing drain.
   507 | Sewer    | Entered a sewer
   529 | Sewer    | Noticed Pargi
   535 | Sewer    | Killed Pargi
   536 | Sewer    | Reached skill level 5 in Earth Magic
   536 | Sewer    | Reached XP level 6. HP: 45/45 MP: 3/13
   664 | D:4      | Reached XP level 7. HP: 50/50 MP: 10/15
   669 | D:4      | Reached skill level 5 in Spellcasting
   694 | D:4      | Reached skill level 5 in Conjurations
   785 | D:5      | Entered Level 5 of the Dungeon
   837 | D:5      | Noticed a water moccasin
   842 | D:5      | Killed a water moccasin
   843 | D:5      | Reached skill level 6 in Spellcasting
   843 | D:5      | Reached XP level 8. HP: 57/57 MP: 1/18
   962 | D:6      | Found a blossoming altar of Fedhas.
   975 | D:6      | Reached skill level 7 in Spellcasting
  1053 | D:6      | Found an opulent altar of Gozag.
  1063 | D:7      | Noticed Dowan
  1087 | D:7      | Noticed Duvessa
  1137 | D:8      | Gained mutation: You passively map the area around you.
                  | [Meteoran growth]
  1137 | D:8      | Reached XP level 9. HP: 39/62 MP: 8/21
  1160 | D:8      | Reached skill level 8 in Spellcasting
  1192 | D:8      | Reached skill level 9 in Spellcasting
  1226 | D:8      | Reached skill level 10 in Earth Magic
  1231 | D:8      | Reached skill level 10 in Spellcasting
  1231 | D:8      | Reached XP level 10. HP: 46/69 MP: 5/25
  1280 | D:9      | Noticed Erica
  1362 | D:7      | Identified the +1 robe "Luidium" {Rampage rC+ rN++ Dex-5}
  1425 | D:6      | Found a snail-covered altar of Cheibriados.
  1461 | D:5      | Found a shimmering altar of Xom.
  1518 | D:4      | Found an iron altar of Okawaru.
  1682 | D:5      | Noticed Ijyb
  1692 | D:5      | Killed Ijyb
  1730 | D:5      | Found a staircase to the Ecumenical Temple.
  1734 | Temple   | Entered the Ecumenical Temple
  1744 | Temple   | Became a worshipper of Sif Muna the Loreminder
  1775 | D:6      | Reached skill level 11 in Spellcasting
  1778 | D:6      | Reached skill level 1 in Invocations
  1896 | D:8      | Learned a level 6 spell: Summon Cactus Giant
  1941 | D:8      | Reached skill level 1 in Summonings
  1953 | D:8      | Found a staircase to the Lair.
  1961 | D:8      | Found a transporter.
  1961 | D:8      | Found Nuismex's Book Boutique.
  1965 | D:8      | Found a transporter.
  1993 | D:9      | Noticed a manticore
  1997 | D:9      | Killed a manticore
  2023 | D:9      | Reached * piety under Sif Muna
  2083 | D:9      | Noticed Joseph
  2103 | D:9      | Killed Joseph
  2104 | D:9      | Reached XP level 11. HP: 35/74 MP: 12/27
  2107 | D:9      | Reached skill level 5 in Summonings
  2130 | D:10     | Entered Level 10 of the Dungeon
  2166 | D:8      | Reached skill level 5 in Invocations
  2249 | D:8      | Bought Great Wizards, Vol. VII for 390 gold pieces
  2254 | D:8      | Learned a level 4 spell: Summon Lightning Spire
  2259 | D:8      | Learned a level 4 spell: Passage of Golubria
  2289 | Lair:1   | Entered Level 1 of the Lair of Beasts
  2334 | Lair:1   | Reached skill level 12 in Spellcasting
  2334 | Lair:1   | Reached skill level 1 in Translocations
  2334 | Lair:1   | Reached skill level 1 in Air Magic
  2387 | Lair:1   | Identified the +1 ring mail of the Apprentice {*Corrode
                  | Dex+7}
  2419 | Lair:1   | Reached ** piety under Sif Muna
  2552 | Lair:2   | Noticed a six-headed hydra
  2567 | Lair:2   | Killed a six-headed hydra
  2568 | Lair:2   | Reached skill level 5 in Translocations
  2568 | Lair:2   | Reached skill level 5 in Air Magic
  2568 | Lair:2   | Reached XP level 12. HP: 81/81 MP: 24/29
  2624 | Lair:2   | Learned a level 2 spell: Blink
  2680 | Lair:2   | Reached *** piety under Sif Muna
  2778 | Lair:2   | Identified the +0 ring mail of Beogh's Vengeance {rPois rF+
                  | rN+ Int+3}
  2898 | Lair:2   | Noticed a pharaoh ant
  2903 | Lair:2   | Annihilated by a pharaoh ant

Illustrated notes

Levels and vault maps discovered:
D:1:      sevenhm_arrival_forest_fort_small_5, layout_basic,
          shapermc_ecumenical_altar_mp_ritualfount, nicolae_shop_unique_rings,
          minmay_lizard_pond
D:2:      layout_rooms, minmay_octomino_e4
D:3:      layout_loops_cross, mainiacjoe_overflow_small_starburst, serial_shops,
          nicolae_shop_hallway_stairs, portal_sewer_entry_d,
          grunt_decor_fettered, minmay_fractal_squares_gapless_5
D:4:      layout_rooms, okawaru_trees_1, hangedman_decor_push,
          nicolae_shop_distant_corner_stores
D:5:      layout_rooms, mainiacjoe_overflow_surrounded_room,
          minmay_temple_entry_trees, serial_co_window_serial, co_window_paths_a,
          co_window_paths_a, co_window_paths_b, co_window_of_opportunity_a,
          co_window_corner_a, co_window_broadway_b, co_window_cross_2,
          co_window_of_opportunity_b, co_window_broadway_c, co_window_corner_cb,
          glass_columns_c, glass_columns_a, glass_columns_a, glass_columns_c,
          glass_columns_a, uniq_ijyb
D:6:      layout_loops_cross, old_standard_altar, fedhas_altar_3,
          nicolae_gozag_cash_rules_everything_around_me, lemuel_flamethrower_2
D:7:      layout_basic, gammafunk_temple_overflow_statue, uniq_duvessa
D:8:      layout_cave_pools, due_lair_maze_entry_diamond, serial_shops,
          nicolae_shop_drivethru
D:9:      layout_loops_cross, mainiacjoe_overflow_catwalk,
          amcnicky_mini_pool_small, uniq_erica, uniq_psyche, uniq_joseph
D:10:     layout_long_grid, grunt_qazlal_clouds, orc_david_3
Temple:   hellmonk_temple_flake
Lair:1:   layout_gridlike, beast_lair_carwin_3, infiniplex_staircase_pool
Lair:2:   lemuel_ratsnest, layout_regular_city,
          nicolae_spider_entry_lesser_pyramids, lemuel_fruit_fields

Skill      XL: |  1  2  3  4  5  6  7  8  9 10 11 12 |
---------------+-------------------------------------+-----
Spellcasting   | 3 4 6 7 10 11 12 | 12.0
Earth Magic    | 4 5 6 8 10 11 | 11.6
Conjurations   | 1 2 3 4 5 |  5.0
Invocations    | 4 6 |  6.9
Summonings     | 4 7 9 |  9.1
Translocations | 5 6 |  6.9
Air Magic      | 5 6 |  6.0
Dodging        | |  2.4
Stealth        | |  1.4
Transmutations | |  1.2

Action                     |  1- 3 |  4- 6 |  7- 9 | 10-12 || total
---------------------------+-------+-------+-------+-------++-------
  Melee: Short sword       |       |       |       |     1 ||     1
   Cast: Sandblast         |    42 |    37 |    47 |    84 ||   210
         Stone Arrow       |       |    10 |    51 |   137 ||   198
         Passwall          |       |       |     2 |    12 ||    14
         Passage of Golubr |       |       |       |    54 ||    54
         Summon Lightning  |       |       |       |    12 ||    12
  Evoke: Wand              |       |       |       |     3 ||     3
    Use: Scroll            |       |       |     2 |     9 ||    11
 Armour: Robe              |     1 |       |       |       ||     1
         Leather armour    |    10 |     5 |       |       ||    15
         Troll leather arm |       |       |    16 |    47 ||    63
  Dodge: Dodged            |    28 |    14 |    32 |    90 ||   164
